 Dungeon Crawl Stone Soup version 0.28-a0-1227-ga9037bb4c8 (webtiles) character file.

Game seed: 1719541307253561191

15469 Goblin1989 the Arsonist (level 12, -3/77 HPs)
             Began as an Octopode Cinder Acolyte on Dec 21, 2021.
             Was a High Priest of Ignis.
             Slain by a blink frog (12 damage)
             ... on level 2 of the Lair of Beasts on Dec 22, 2021.
             The game lasted 00:59:47 (15838 turns).

Goblin1989 the Arsonist (Octopode Cinder Acolyte)  Turns: 15838, Time: 00:59:48

Health: -3/77      AC:  5    Str: 20    XL:     12   Next: 27%
Magic:  2/21       EV: 16    Int: 25    God:    Ignis [*****.]
Gold:   126        SH:  0    Dex: 13    Spells: 13/23 levels left

rFire   + + .      SeeInvis .   a - +10 flail of the Apocalypse {flame, rPois rF- Int+4}
rCold   . . .      Faith    .   (no shield)
rNeg    . . .      Spirit   .   (helmet restricted)
rPois   +          Reflect  .   g - amulet of the acrobat
rElec   .          Harm     .   j - +6 ring of dexterity
rCorr   .          Rampage  .   k - ring of wizardry
Will    .....                   p - ring of protection from fire
Stlth   ++........              r - +4 ring of protection
HPRegen 0.22/turn               F - ring of protection from fire
MPRegen 0.17/turn               K - +6 ring of strength
                                (no ring)
                                (no ring)

@: studying Staves
A: almost no armour, amphibious, 8 rings, camouflage 1, gelatinous body 1,
(nimble swimmer 1), tentacles
a: Renounce Religion, Fiery Armour, Foxfire Swarm, Rising Flame


You were on level 2 of the Lair of Beasts.
You worshipped Ignis.
Ignis was extremely pleased with you.
You visited 2 branches of the dungeon, and saw 13 of its levels.

You collected 574 gold pieces.
You spent 448 gold pieces at shops.

Inventory:

Hand Weapons
 a - the +10 flail of the Apocalypse (weapon) {flame, rPois rF- Int+4}
   (You found it on level 10 of the Dungeon)

   It burns those it strikes, dealing additional fire damage.
   Int:       It affects your intelligence (+4).
   rF:        It makes you vulnerable to fire.
   rPois:     It protects you from poison.
 b - a +0 hunting sling
 D - a -1 hand axe of flaming
 L - the +6 spear of Balance {drain, rN+}
   (You found it on level 9 of the Dungeon)

   A truly terrible weapon, it drains the life of any living foe it strikes.
   rN:        It protects you from negative energy.
 P - a +1 dagger of distortion {!w}
Missiles
 c - 267 stones
 i - 135 sling bullets
 O - 5 curare-tipped darts (quivered)
Armour
 l - a +0 kite shield
Jewellery
 g - an amulet of the acrobat (around mantle)
 j - a +6 ring of dexterity (left tentacle)
 k - a ring of wizardry (right tentacle)
 p - a ring of protection from fire (on tentacle)
 r - a +4 ring of protection (on tentacle)
 C - an amulet of guardian spirit
 F - a ring of protection from fire (on tentacle)
 K - a +6 ring of strength (on tentacle)
 M - an amulet of regeneration
Wands
 u - a wand of paralysis (10) {@v2}
 y - a wand of acid (1) {@v4}
 A - a wand of polymorph (15)
Scrolls
 m - a scroll of blinking {!r, @r3}
 o - a scroll of acquirement {unknown}
 t - 2 scrolls of immolation
 v - a scroll of enchant weapon
 N - a scroll of identify {@r1}
Potions
 h - a potion of heal wounds {@q2}
 s - a potion of might {@q4}
 w - 2 potions of curing {@q1}
 z - 2 potions of resistance {@q5}
 J - a potion of mutation {!q}
 R - 2 potions of brilliance {unknown}


   Skills:
 - Level 5.0 Fighting
 - Level 3.0 Axes
 - Level 8.0 Dodging
 + Level 9.0 Shields
 - Level 6.0 Spellcasting
 * Level 9.6 Conjurations
 - Level 2.0 Translocations
 - Level 10.0 Fire Magic


You had 13 spell levels left.
You knew the following spells:

 Your Spells              Type           Power      Damage    Failure   Level
a - Scorch                Fire           100%       2d10      1%          2
b - Starburst             Conj/Fire      27%        6d9       9%          6
c - Blink                 Tloc           34%        N/A       1%          2

Your spell library contained the following spells:

 Spells                   Type           Power      Damage    Failure   Level
 Magic Dart               Conj           100%       1d8       1%          1
 Dazzling Flash           Conj/Hex       62%        N/A       1%          3
 Inner Flame              Hex/Fire       32%        N/A       1%          3
 Mephitic Cloud           Conj/Pois/Air  23%        N/A       2%          3
 Iskenderun's Mystic Bla  Conj/Tloc      36%        2d9       2%          4
 Call Imp                 Summ           7%         N/A       4%          2
 Passwall                 Tmut/Erth      5%         N/A       4%          2
 Sublimation of Blood     Necr           7%         N/A       4%          2
 Wereblood                Tmut           7%         N/A       4%          2
 Lesser Beckoning         Tloc           17%        N/A       4%          3
 Portal Projectile        Hex/Tloc       24%        N/A       6%          3
 Swiftness                Air            7%         N/A       9%          3
 Cause Fear               Hex            3%         N/A       28%         4
 Manifold Assault         Tloc           17%        N/A       32%         5
 Blade Hands              Tmut           3%         N/A       58%         5
 Excruciating Wounds      Necr           3%         N/A       58%         5
 Summon Hydra             Summ           3%         N/A       100%        7
 Discord                  Hex            3%         N/A       100%        8


Dungeon Overview and Level Annotations

Branches:
Dungeon (11/15)            Temple (0/1) D:7            Lair (2/6) D:8
 Shoals (0/4) Lair:2          Orc (0/2) D:11
  Snake: Lair:2-4    Spider: Lair:2-4

Altars:
Dithmenos
Elyvilon
Kikubaaqudgha
Nemelex Xobeh
Sif Muna
Vehumet

Shops:
D:4 *   D:8 :

Annotations:
D:4 1 runed translucent door, Crazy Yiuf
D:6 1 runed translucent door
D:10 Fannar, Nergalle, Snorg


Innate Abilities, Weirdness & Mutations

You cannot wear most types of armour.
You are amphibious.
You can wear up to eight rings at the same time.
Your skin changes colour to match your surroundings (Stealth+).
Your rubbery body absorbs attacks. (AC +1, EV +1)
((You are camouflaged when in or above water. (Stealth+)))
You have tentacles for arms and can constrict up to eight enemies at once.


Message History

Flames lash the blink frog.
The blink frog is moderately wounded.
The blink frog's fire resistance burns away.
The blink frog hits you.
The blink frog blinks!
You take 4 damage, and have 42/77 hp.
You now have 11/21 mp.
Casting: Scorch (safe; 1% risk of failure)
Confirm with . or Enter, or press ? or * to list all spells.
Flames lash the blink frog.
The blink frog is lightly wounded.
The blink frog's fire resistance burns away.
The blink frog hits you.
You take 4 damage, and have 38/77 hp.
You now have 10/21 mp.
Casting: Scorch (safe; 1% risk of failure)
Confirm with . or Enter, or press ? or * to list all spells.
Flames lash the blink frog.
The blink frog is burned terribly!
The blink frog is almost dead.
The blink frog blinks! x3
You now have 8/21 mp.
Casting: Scorch (safe; 1% risk of failure)
Confirm with . or Enter, or press ? or * to list all spells.
Flames lash the blink frog.
The blink frog is lightly wounded.
The blink frog's fire resistance burns away.
A wyvern comes into view.
The blink frog closely misses you.
You now have 6/21 mp.
Casting: Scorch (safe; 1% risk of failure)
Confirm with . or Enter, or press ? or * to list all spells.
Flames lash the blink frog.
The blink frog is burned terribly!
You kill the blink frog!
The blink frog is no longer more vulnerable to fire.
The blink frog misses you.
The blink frog blinks!
You now have 4/21 mp.
The blink frog blinks! x2; The blink frog completely misses you.
Things that are here:
a black mamba corpse; a black mamba corpse The blink frog is no longer more vulnerable to fire.
The blink frog blinks!
You hear an angry hiss.
The blink frog blinks!
The blink frog blinks!
The blink frog completely misses you.
A cane toad comes into view.
The cane toad gives a loud, deep croak!
The blink frog blinks!
The blink frog blinks! x2; The cane toad completely misses you.
Found a stone staircase leading down.
The cane toad completely misses you.
The blink frog blinks!
Casting: Scorch (safe; 1% risk of failure)
Confirm with . or Enter, or press ? or * to list all spells.
Flames lash the blink frog.
The blink frog is moderately wounded.
The blink frog's fire resistance burns away.
You hear a loud, deep croak!
The cane toad stings you!
You take 7 damage, and have 38/77 hp.
You now have 7/21 mp.
Casting: Scorch (safe; 1% risk of failure)
Confirm with . or Enter, or press ? or * to list all spells.
Flames lash the cane toad.
The cane toad is lightly wounded.
The cane toad's fire resistance burns away.
The cane toad misses you.
You now have 5/21 mp.
Casting: Scorch (safe; 1% risk of failure)
Confirm with . or Enter, or press ? or * to list all spells.
Flames lash the cane toad.
The cane toad is burned terribly!
The cane toad is moderately wounded.
The cane toad barely misses you. x2
You now have 3/21 mp.
Casting: Scorch (safe; 1% risk of failure)
Confirm with . or Enter, or press ? or * to list all spells.
Flames lash the blink frog.
The blink frog is burned terribly!
The blink frog is almost dead.
The cane toad stings you!!
* * * LOW HITPOINT WARNING * * *
You take 21 damage, and have 18/77 hp.
MASSIVE DAMAGE!!
You now have 1/21 mp.
Casting: Scorch (safe; 1% risk of failure)
Confirm with . or Enter, or press ? or * to list all spells.
You don't have enough magic to cast this spell.
Unknown command.
You closely miss the cane toad. Your grab misses the cane toad.
You squeeze the cane toad!
The cane toad is heavily wounded.
The cane toad is no longer more vulnerable to fire.
The cane toad barely misses you.
You thump the cane toad! You burn the cane toad. You grab the cane toad.
The cane toad is almost dead.
You constrict the cane toad.
You kill the cane toad!
The blink frog hits you!
* * * LOW HITPOINT WARNING * * *
The blink frog blinks!
Your Shields skill increases to level 9!
You take 10 damage, and have 8/77 hp.
You bludgeon the blink frog!! You burn the blink frog!
Your grab misses the blink frog.
The blink frog is almost dead.
The blink frog hits you!
You die...

····▲▲····▓▓···▓
····▓▓·····▓···▓
······...··..>.█
····▓··...▓█...█
·...▓·██..▓█...█
....███.█.██...█
...............█
...█...█.█.█...███
......█.█...█..█@█
...█.█.█.█.█...F██
..█.....█.█.█...█
...█.█...█.█...██
....█..§..█.█..█▓
...█.█.█.█.█.█.P█
§...█.█...█.█..██
...█...........P▓
....█.█.█.█.....█


You could see a blink frog.

Vanquished Creatures
  3 death yaks (Lair:1)
  Sonja (Lair:1)
  A bog body (Lair:1)
  A cyclops (D:7)
  3 black mambas
  3 cane toads
  2 rime drakes (Lair:1)
  2 komodo dragons (Lair:1)
  2 polar bears (Lair:1)
  9 blink frogs
  9 yaks
  A basilisk (Lair:1)
  2 wargs (D:8)
  4 water moccasins
  2 ice beasts
  A sky beast (D:6)
  An orc warrior (D:8)
  3 black bears
  A hornet zombie (D:5)
  5 ogres
  A centaur (D:7)
  4 wolves
  A kobold brigand (D:9)
  7 bullfrogs
  A wyvern zombie (D:7)
  2 scorpions
  2 water moccasin zombies (D:5)
  A water moccasin skeleton (D:4)
  4 killer bees
  12 wights
  A howler monkey (D:7)
  3 hounds
  3 centaur zombies
  3 bullfrog skeletons
  A gnoll shaman (D:10)
  3 jellies
  4 orc priests
  4 iguanas
  9 orc wizards
  A howler monkey zombie (D:9)
  15 gnolls
  13 adders
  A howler monkey skeleton (D:6)
  A shadow imp (D:7)
  2 white imps
  An ufetubus (D:5)
  2 worms
  3 dart slugs
  24 orcs
  4 bats
  7 endoplasms
  4 giant cockroaches
  9 goblins
  10 hobgoblins
  5 jackals
  3 quokkas (D:1)
  14 ball pythons
  3 frilled lizards
  7 kobolds
  8 rats
259 creatures vanquished.

Vanquished Creatures (collateral kills)
  A hydra (Lair:1)
  A water moccasin (Lair:1)
  2 wolves (Lair:1)
4 creatures vanquished.

Vanquished Creatures (others)
  12 fungi
  14 plants
26 creatures vanquished.

Grand Total: 289 creatures vanquished

Notes
Turn   | Place    | Note
-------+----------+-------------------------------------------
     0 | D:1      | Goblin1989 the Octopode Cinder Acolyte began the quest for
                  | the Orb.
     0 | D:1      | Reached XP level 1. HP: 16/16 MP: 2/2
   103 | D:1      | Reached XP level 2. HP: 21/21 MP: 4/4
   245 | D:1      | Learned a level 2 spell: Scorch
   407 | D:1      | Reached XP level 3. HP: 26/26 MP: 5/5
  1404 | D:2      | Upgraded the game from 0.28-a0-1206-g193881aaa2 to
                  | 0.28-a0-1213-g0243856f03
  1432 | D:2      | Reached XP level 4. HP: 31/31 MP: 7/7
  1451 | D:2      | Reached skill level 4 in Fire Magic
  1914 | D:2      | Reached XP level 5. HP: 36/36 MP: 2/9
  2257 | D:2      | Found a shimmering blue altar of Sif Muna.
  2463 | D:3      | Found a shadowy altar of Dithmenos.
  2496 | D:3      | Noticed an ogre
  2508 | D:3      | Killed an ogre
  2509 | D:3      | Reached skill level 1 in Dodging
  2509 | D:3      | Reached XP level 6. HP: 42/42 MP: 3/11
  3219 | D:4      | Found Tement Areo's Gadget Gallery.
  3359 | D:4      | Found a runed translucent door.
  3360 | D:4      | Noticed Crazy Yiuf
  3405 | D:4      | Found a white marble altar of Elyvilon.
  3429 | D:4      | Reached skill level 5 in Fire Magic
  3999 | D:5      | Entered Level 5 of the Dungeon
  3999 | D:5      | Noticed a black bear
  4068 | D:5      | Reached XP level 7. HP: 46/46 MP: 8/13
  4251 | D:5      | Identified the +2 helmet "Cag Ros" {rN+ rCorr Dex+2}
  4428 | D:5      | Reached skill level 6 in Fire Magic
  4596 | D:5      | Reached skill level 1 in Shields
  4596 | D:5      | Reached XP level 8. HP: 43/52 MP: 6/15
  4687 | D:5      | Reached skill level 5 in Spellcasting
  5591 | D:6      | Found a runed translucent door.
  5838 | D:6      | Reached skill level 7 in Fire Magic
  5973 | D:6      | Found an ancient bone altar of Kikubaaqudgha.
  6110 | D:6      | Reached skill level 5 in Dodging
  6441 | D:6      | Reached XP level 9. HP: 54/56 MP: 5/16
  6555 | D:6      | Reached skill level 8 in Fire Magic
  7155 | D:7      | Noticed a cyclops
  7526 | D:7      | Killed a cyclops
  7527 | D:7      | Reached skill level 9 in Fire Magic
  7859 | D:7      | Found a staircase to the Ecumenical Temple.
  7871 | D:7      | Reached skill level 5 in Shields
  8119 | D:7      | Upgraded the game from 0.28-a0-1213-g0243856f03 to
                  | 0.28-a0-1227-ga9037bb4c8
  8238 | D:8      | Found Jerghaff's Book Boutique.
  8467 | D:8      | Found a radiant altar of Vehumet.
  8598 | D:8      | Reached XP level 10. HP: 63/63 MP: 12/17
  8927 | D:8      | Identified the +2 robe of Jucaras {Harm Rampage Str-2
                  | Archmagi}
  8928 | D:8      | Reached skill level 10 in Fire Magic
  8931 | D:8      | Found a staircase to the Lair.
  9324 | D:8      | Bought a book of Spectacle for 448 gold pieces
  9331 | D:8      | Learned a level 6 spell: Starburst
  9816 | D:9      | Reached skill level 1 in Conjurations
 10513 | D:9      | Found a sparkling altar of Nemelex Xobeh.
 10544 | D:9      | Identified the +6 spear of Balance {drain, rN+}
 10588 | D:9      | Found a shimmering blue altar of Sif Muna.
 11056 | D:10     | Entered Level 10 of the Dungeon
 11293 | D:10     | Noticed Fannar
 11605 | D:10     | Identified the +10 flail of the Apocalypse {flame, rPois
                  | rF- Int+4}
 11635 | D:11     | Found a staircase to the Orcish Mines.
 11640 | D:11     | Noticed a boulder beetle
 11671 | Lair:1   | Entered Level 1 of the Lair of Beasts
 11678 | Lair:1   | Noticed a four-headed hydra
 12013 | D:8      | Learned a level 2 spell: Blink
 12025 | Lair:1   | Killed a four-headed hydra
 12026 | Lair:1   | Reached skill level 1 in Translocations
 12026 | Lair:1   | Reached XP level 11. HP: 9/69 MP: 3/19
 12879 | Lair:1   | Reached skill level 5 in Conjurations
 12952 | Lair:1   | Noticed a death yak
 12993 | Lair:1   | Killed a death yak
 13273 | Lair:1   | Reached skill level 5 in Fighting
 13365 | Lair:1   | Noticed a death yak
 13381 | Lair:1   | Noticed a death yak
 13384 | Lair:1   | Noticed a death yak
 13433 | Lair:1   | Killed a death yak
 13435 | Lair:1   | Killed a death yak
 13844 | Lair:1   | Noticed Sonja
 13856 | Lair:1   | Killed Sonja
 14530 | Lair:1   | Noticed a bog body
 14530 | Lair:1   | Noticed a death yak
 14729 | Lair:1   | Killed a bog body
 14730 | Lair:1   | Reached XP level 12. HP: 48/77 MP: 7/21
 15146 | D:10     | Noticed Snorg
 15154 | D:10     | Noticed Nergalle
 15586 | Lair:2   | Noticed a death yak
 15838 | Lair:2   | Slain by a blink frog

Illustrated notes

Levels and vault maps discovered:
D:1:      lightli_arrival_maybe_door_vault, layout_rooms, minmay_quantized
D:2:      layout_rooms, basic_altar, grunt_decor_one_mirror
D:3:      layout_loops_ring, nicolae_dithmenos_the_darkroom
D:4:      layout_basic, marbit_many_paths, nicolae_shop_gadgets,
          uniq_crazy_yiuf_cottage
D:5:      layout_cave_pools, minmay_circle_x
D:6:      minmay_bubble_buster, layout_loops_ring, mainiacjoe_overflow_alcove_2,
          lightli_church_of_beogh
D:7:      layout_rooms, minmay_temple_entry_drinking_statues
D:8:      layout_loops_ring, mainiacjoe_overflow_brackets,
          erik_lair_orcish_takeover, serial_shops, nicolae_stop_n_shop_1
D:9:      layout_cave_pools, lemuel_tele_altar, nemelex_spade_bored_becter
D:10:     layout_small_grid, xom_teletrap_fun, special_room [special_room_bee],
          uniq_fannar, uniq_snorg, uniq_nergalle
D:11:     layout_roguey, david_orc_3, gammafunk_ghost_grave
Lair:1:   dreamdust_isle_of_ice, layout_small_grid, uniq_sonja
Lair:2:   layout_regular_city, minmay_shoals_entry_hut, minivault_23,
          grunt_megastairs_2, infiniplex_staircase_pool_2

Skill      XL: |  1  2  3  4  5  6  7  8  9 10 11 12 |
---------------+-------------------------------------+-----
Spellcasting   | 2 3 4 5 6 |  6.0
Fire Magic     | 4 5 6 7 9 10 | 10.0
Dodging        | 1 2 3 5 6 7 8 |  8.0
Shields        | 1 3 5 6 8 9 |  9.0
Conjurations   | 4 8 9 |  9.6
Fighting       | 4 5 |  5.0
Translocations | 1 2 |  2.0
Axes           | |  3.0

Action                   |  1- 3 |  4- 6 |  7- 9 | 10-12 || total
-------------------------+-------+-------+-------+-------++-------
Melee: Hand axe          |    35 |     8 |     7 |    12 ||    62
       Tentacles         |     6 |     2 |     5 |     8 ||    21
       Constrict         |     7 |     3 |     2 |     8 ||    20
       Short sword       |       |       |    11 |     5 ||    16
       Flail             |       |       |       |    13 ||    13
 Fire: Hunting sling     |    60 |   113 |    96 |    93 ||   362
Throw: Dart              |       |       |       |     3 ||     3
 Cast: Scorch            |    17 |    40 |   137 |   254 ||   448
       Blink             |       |       |       |     1 ||     1
       Starburst         |       |       |       |     3 ||     3
Invok: Fiery Armour      |       |       |       |     1 ||     1
Evoke: Wand              |       |       |     4 |    10 ||    14
  Use: Potion            |       |       |     1 |     5 ||     6
       Scroll            |       |       |     2 |    16 ||    18
 Stab: Paralysed         |       |       |     5 |       ||     5
Armor: Skin              |       |     2 |    14 |    16 ||    32
Dodge: Dodged            |    30 |    12 |    33 |   146 ||   221
Block: Kite shield       |       |       |    31 |   108 ||   139

Table legend: (Time is in decaauts)
 A = Elapsed time spent in this place.
 B = Non-inter-level travel time spent in this place.
 C = Inter-level travel time spent in this place.
 D = Time resting spent in this place.
 E = Time spent auto-exploring this place.
 F = Levels seen in this place.
 G = Mean time per level.
                   A        B        C        D        E       F      G
               +--------+--------+--------+--------+--------+-----+--------+
         Total |  15970 |  15424 |    546 |   5033 |   7887 |  13 | 1228.5 |
       Dungeon |  13139 |  12594 |    545 |   3660 |   7114 |  11 | 1194.5 |
          Lair |   2831 |   2831 |      0 |   1373 |    773 |   2 | 1415.5 |
               +--------+--------+--------+--------+--------+-----+--------+

Top non-repeatable levels by time:
     D:8: 2815 daAuts
  Lair:1: 2580 daAuts
     D:6: 1779 daAuts
     D:9: 1697 daAuts
     D:5: 1412 daAuts
     D:1: 1333 daAuts
     D:2: 1043 daAuts
     D:7: 958 daAuts
     D:3: 862 daAuts
     D:4: 823 daAuts
    D:10: 407 daAuts
  Lair:2: 250 daAuts
    D:11: 5 daAuts
